 Dungeon Crawl Stone Soup version 0.30-a0-1160-g6e42c06551 (webtiles) character file.

Game seed: 1224505610885589794

1087 ytrimaz the Ducker (level 8, -2/52 HPs)
             Began as an Octopode Fighter on Apr 26, 2023.
             Engulfed by a steam dragon's steam (5 damage)
             ... on level 6 of the Dungeon.
             The game lasted 00:05:33 (5169 turns).

ytrimaz the Ducker (Octopode Fighter)               Turns: 5169, Time: 00:05:33

Health: -2/52      AC:  1    Str: 16    XL:     8   Next: 30%
Magic:  8/8        EV: 15    Int: 10    God:
Gold:   303        SH:  0    Dex: 13    Spells: 7/7 levels left

rFire   . . .        a - +0 long sword
rCold   . . .        b - +0 buckler
rNeg    . . .        (helmet restricted)
rPois   +            (no amulet)
rElec   .            n - ring of poison resistance
rCorr   .            (no ring)
SInv    .            (no ring)
Will    .....        (no ring)
Stlth   ++           (no ring)
HPRegen 0.28/turn    (no ring)
MPRegen 0.11/turn    (no ring)
                     (no ring)

%: no passive effects
@: confused, about to teleport, ambrosia-drunk
A: almost no armour, amphibious, 8 rings, camouflage 1, gelatinous body 1,
(nimble swimmer 1), tentacles
a: no special abilities


You were on level 6 of the Dungeon.
You visited 1 branch of the dungeon, and saw 6 of its levels.

You collected 303 gold pieces.


Innate Abilities, Weirdness & Mutations

You cannot wear most types of armour.
You are amphibious.
You can wear up to eight rings at the same time.
Your skin changes colour to match your surroundings (Stealth+).
Your rubbery body absorbs attacks. (AC +1, EV +1)
((You are camouflaged when in or above water. (Stealth+)))
You have tentacles for arms and can constrict up to eight enemies at once.


   Skills:
 - Level 3.0 Fighting
 + Level 6.7 Long Blades
 + Level 7.1 Dodging
 - Level 4.0 Shields


You had 7 spell levels left.
You didn't know any spells.
Your spell library contained the following spells:

 Spells                   Type           Power      Damage    Failure   Level
 Necrotise                Necr           0%         1d4       43%         1
 Summon Small Mammal      Summ           0%         N/A       43%         1
 Call Canine Familiar     Summ           0%         N/A       82%         3
 Summon Guardian Golem    Hex/Summ       0%         N/A       82%         3
 Vampiric Draining        Necr           0%         2d6       82%         3
 Agony                    Necr           0%         N/A       100%        5

Inventory:

Hand Weapons
 a - a +0 long sword (weapon)
 s - a +0 great sword
   (You took it off a wight on level 5 of the Dungeon)
Armour
 b - a +0 buckler (worn)
Jewellery
 d - a ring of wizardry
   (You found it on level 4 of the Dungeon)
 i - a ring of ice
   (You found it on level 1 of the Dungeon)
 l - an amulet of faith
   (You found it on level 1 of the Dungeon)
 n - a ring of poison resistance (left tentacle)
   (You found it on level 1 of the Dungeon)
Scrolls
 f - a scroll of silence {unknown}
 k - a scroll of poison
Potions
 c - a potion of might
 g - 2 potions of resistance
 h - 3 potions of brilliance
 j - a potion of haste {unknown}
 m - 2 potions of mutation
 p - 3 potions of attraction
 q - a potion of flight {unknown}
 t - a potion of cancellation {unknown}
 u - a potion of degeneration {unknown}

Dungeon Overview and Level Annotations

Branches:
Dungeon (6/15) Zot: 26895
 Temple: D:4-7

Altars:
Elyvilon
Qazlal

####.#######.#
.....fD@...#.#
.###.#####.#(# #.#.#
#.#.# #.#.# ##.#.#####
#........# .
#..#.###.####
..########..#........#


You could see a steam dragon and a sleepcap.


Message History

MASSIVE DAMAGE!! (PAUSE)
You hit the bullfrog but do no damage. Your grab misses the bullfrog.
You tentacle-slap the bullfrog. The bullfrog barely misses you.
You slash the bullfrog! Your grab misses the bullfrog.
Your squeeze misses the bullfrog. The bullfrog barely misses you.
You block the bullfrog's attack.
Unknown command.
You closely miss the bullfrog. You grab the bullfrog.
You constrict the bullfrog. The bullfrog hits you.
You block the bullfrog's attack.
You slash the bullfrog!
You kill the bullfrog!
Your Dodging skill increases to level 7!
You see here a bullfrog corpse.
Unknown command. 😕 HP[+1]
You see here a bullfrog corpse.
There is a stone staircase leading up here.
Found a stone staircase leading down.
Found an escape hatch in the ceiling.
Found a stone staircase leading up. 😎 HP[+11]
Your hp is fully restored (52).
There is an escape hatch in the ceiling here.
f - a scroll labelled LIPLAQ WAREIRUD An iguana comes into view.
A steam dragon comes into view.
The steam dragon hisses angrily.
The iguana hisses angrily.
There are monsters nearby!
There are monsters nearby!
The iguana barely misses you.
You hit the iguana. Your grab misses the iguana. The iguana barely misses you.
You closely miss the iguana. You grab the iguana.
You constrict the iguana, but do no damage.
A sleepcap comes into view.
The iguana completely misses you.
You hit the iguana. You constrict the iguana. The iguana bites you!
You hit the iguana.
You kill the iguana!
The steam dragon breathes steam at you. The ball of steam hits you! 😮 HP[-22]
You take 22 damage, and now have 30/52 hp.
MASSIVE DAMAGE!! (PAUSE)
You closely miss the steam dragon.
You are engulfed in a cloud of scalding steam.
* * * LOW HITPOINT WARNING * * *
The steam dragon breathes steam at you. The ball of steam misses you. 😨 HP[-8]
You take 8 damage, and now have 22/52 hp.
You completely miss the steam dragon.
You are engulfed in a cloud of scalding steam.
* * * LOW HITPOINT WARNING * * *
The steam dragon bites you.
* * * LOW HITPOINT WARNING * * *
The steam dragon claws you.
* * * LOW HITPOINT WARNING * * *
Unknown command. 😱 HP[-10]
You take 10 damage, and now have 12/52 hp.
You hit the steam dragon but do no damage.
You are engulfed in a cloud of scalding steam.
The steam dragon bites you.
* * * LOW HITPOINT WARNING * * *
The steam dragon closely misses you. 😱 HP[-5]
You take 5 damage, and now have 7/52 hp.
Unknown command.
You feel better.
You are engulfed in a cloud of scalding steam.
* * * LOW HITPOINT WARNING * * *
You block the steam dragon's attack. The steam dragon claws you.
* * * LOW HITPOINT WARNING * * *
😱 HP[-2]
You take 2 damage, and now have 5/52 hp.
Okay, then.
You feel better. The steam dragon breathes steam at you.
The ball of steam hits you!
* * * LOW HITPOINT WARNING * * *
😱 HP[-1]
You take 1 damage, and now have 4/52 hp.
You feel better.
You are engulfed in a cloud of scalding steam.
* * * LOW HITPOINT WARNING * * *
The steam dragon closely misses you. x2 😱 HP[+4]
You regained 4 hp, and now have 8/52 hp.
As you read the scroll of teleportation, it crumbles to dust.
You feel strangely unstable.
You are engulfed in a cloud of scalding steam.
* * * LOW HITPOINT WARNING * * *
The steam dragon barely misses you.
The steam dragon closely misses you. 😱 HP[-5]
You take 5 damage, and now have 3/52 hp.
Unknown command.
You are confused.
You feel invigorated.
You are engulfed in a cloud of scalding steam.
You die...

Skill      XL: |  1  2  3  4  5  6  7  8 |
---------------+-------------------------+-----
Long Blades    | 3 4 5 6 |  6.7
Dodging        | 4 5 6 7 |  7.1
Shields        | 4 |  4.0
Fighting       | |  3.0

Action                     |  1- 3 |  4- 6 |  7- 9 || total
---------------------------+-------+-------+-------++-------
  Melee: Long sword        |    74 |   115 |    66 ||   255
         Constrict         |    22 |    33 |    10 ||    65
         Tentacles         |     9 |    29 |    11 ||    49
         Punch             |     1 |     1 |     3 ||     5
    Use: Scroll            |       |    12 |     5 ||    17
         Potion            |       |     5 |     4 ||     9
   Stab: Sleeping          |    11 |     4 |     1 ||    16
         Invisible         |       |     3 |       ||     3
 Armour: Skin              |     4 |     6 |       ||    10
  Dodge: Dodged            |    38 |    67 |    32 ||   137
  Block: Buckler           |    19 |    23 |    13 ||    55

Levels and vault maps discovered:
D:1:      evilmike_arrival_rings, layout_loops_ring
D:2:      layout_loops_ring, uniq_terence
D:3:      layout_rooms, minmay_goblin_kobold_house
D:4:      minmay_door_path, layout_basic, marbit_many_paths, chequers_garden
D:5:      layout_basic, mainiacjoe_overflow_alcove_2
D:6:      layout_loops_ring

Notes
Turn   | Place    | Note
-------+----------+-------------------------------------------
     0 | D:1      | ytrimaz the Octopode Fighter began the quest for the Orb.
     0 | D:1      | Reached XP level 1. HP: 16/16 MP: 1/1
     0 | D:1      | magus.rc [v1.9.6]
   194 | D:1      | Reached XP level 2. HP: 20/21 MP: 2/2
   484 | D:1      | Reached XP level 3. HP: 26/26 MP: 3/3
  1166 | D:2      | Noticed Terence
  1176 | D:2      | Killed Terence
  1177 | D:2      | Reached skill level 3 in Long Blades
  1177 | D:2      | Reached XP level 4. HP: 21/31 MP: 4/4
  1482 | D:3      | You fall into a shaft and drop 1 floor!
  1584 | D:3      | HP: 7/31 [orc/+0 war axe (9)]
  1740 | D:3      | Reached skill level 4 in Dodging
  1880 | D:3      | Reached XP level 5. HP: 36/36 MP: 5/5
  1909 | D:3      | Reached skill level 4 in Shields
  2294 | D:4      | You pick up a book of Callings and begin reading...
  2294 | D:4      | You add the spells Summon Small Mammal, Call Canine
                  | Familiar and Summon Guardian Golem to your library.
  2586 | D:4      | You pick up a book of Necromancy and begin reading...
  2586 | D:4      | You add the spells Necrotise, Vampiric Draining and Agony
                  | to your library.
  2857 | D:4      | Reached skill level 4 in Long Blades
  2857 | D:4      | Reached XP level 6. HP: 42/42 MP: 6/6
  2940 | D:4      | Found a stormy altar of Qazlal.
  2977 | D:4      | Reached skill level 5 in Dodging
  3043 | D:4      | HP: 5/42 [gnoll/+2 vampiric halberd (15)]
  3050 | D:4      | HP: 4/42 [gnoll/+0 flail (10)]
  3478 | D:5      | Entered Level 5 of the Dungeon
  3567 | D:5      | HP: 1/42 [gnoll/+2 heavy halberd (23)]
  3867 | D:5      | Reached skill level 5 in Long Blades
  3867 | D:5      | Reached XP level 7. HP: 27/46 MP: 7/7
  3984 | D:5      | Reached skill level 6 in Dodging
  4155 | D:5      | HP: 11/44 [wight/+0 mace (5)]
  4158 | D:5      | Reached skill level 6 in Long Blades
  4315 | D:5      | Reached XP level 8. HP: 44/52 MP: 8/8
  4770 | D:5      | Found a white marble altar of Elyvilon.
  5075 | D:6      | Reached skill level 7 in Dodging
  5163 | D:6      | HP: 13/52 [steam dragon (3)]
  5165 | D:6      | HP: 5/52 [steam dragon (3)]
  5169 | D:6      | Engulfed by a steam dragon's steam

Vanquished Creatures
  3 phantoms (D:5)
  A bullfrog (D:6)
  3 scorpions
  3 wights (D:5)
  3 hounds (D:4)
  An orc priest (D:5)
  A sleepcap (D:5)
  Terence (D:2)
  2 iguanas
  7 gnolls
  8 adders
  3 worms
  3 dart slugs
  11 orcs
  3 endoplasms
  7 giant cockroaches
  12 goblins
  6 hobgoblins
  2 jackals (D:5)
  2 kobolds
  3 quokkas
  4 ball pythons
  4 bats
  2 frilled lizards
  4 rats
99 creatures vanquished.

Table legend:
 A = Non-vault XP
 B = Vault XP
 C = Vault XP percentage of total XP
 D = Non-vault monster count
 E = Vault monster count
 F = Vault count percentage of total count
                 A         B        C        D         E       F
            +---------+---------+-------+---------+---------+-------
      Total |    1493 |      61 |   3.9 |      92 |       7 |   7.1
            +---------+---------+-------+---------+---------+-------
        D:1 |      44 |       0 |   0.0 |      23 |       0 |   0.0
        D:2 |      38 |      36 |  48.6 |      14 |       1 |   6.7
        D:3 |      71 |       6 |   7.8 |      10 |       3 |  23.1
        D:4 |     312 |      19 |   5.7 |      21 |       3 |  12.5
        D:5 |     901 |       0 |   0.0 |      22 |       0 |   0.0
        D:6 |     127 |       0 |   0.0 |       2 |       0 |   0.0
            +---------+---------+-------+---------+---------+-------

Skill      XL: |  1  2  3  4  5  6  7  8 |
---------------+-------------------------+-----
Long Blades    | 3 4 5 6 |  6.7
Dodging        | 4 5 6 7 |  7.1
Shields        | 4 |  4.0
Fighting       | |  3.0

Action                     |  1- 3 |  4- 6 |  7- 9 || total
---------------------------+-------+-------+-------++-------
  Melee: Long sword        |    74 |   115 |    66 ||   255
         Constrict         |    22 |    33 |    10 ||    65
         Tentacles         |     9 |    29 |    11 ||    49
         Punch             |     1 |     1 |     3 ||     5
    Use: Scroll            |       |    12 |     5 ||    17
         Potion            |       |     5 |     4 ||     9
   Stab: Sleeping          |    11 |     4 |     1 ||    16
         Invisible         |       |     3 |       ||     3
 Armour: Skin              |     4 |     6 |       ||    10
  Dodge: Dodged            |    38 |    67 |    32 ||   137
  Block: Buckler           |    19 |    23 |    13 ||    55

Illustrated notes

Table legend:
 A = Kills in this place as a percentage of kills in the entire game.
 B = Kills by you in this place as a percentage of kills by you in the entire game.
 C = Kills by friends in this place as a percentage of kills by friends in the entire game.
 D = Other kills in this place as a percentage of other kills in the entire game.
 E = Experience gained in this place as a percentage of experience gained in the entire game.
 F = Experience gained in this place divided by the number of levels of this place that you have seen.
                   A       B       C       D       E      F
               +-------+-------+-------+-------+-------+----------------------
         Total | 100.0 | 100.0 |   N/A |   N/A | 100.0 | 259.0
       Dungeon | 100.0 | 100.0 |   N/A |   N/A | 100.0 | 259.0
               +-------+-------+-------+-------+-------+----------------------

Table legend: (Time is in decaauts)
 A = Elapsed time spent in this place.
 B = Non-inter-level travel time spent in this place.
 C = Inter-level travel time spent in this place.
 D = Time resting spent in this place.
 E = Time spent auto-exploring this place.
 F = Levels seen in this place.
 G = Mean time per level.
                   A        B        C        D        E       F      G
               +--------+--------+--------+--------+--------+-----+--------+
         Total |   5230 |   5106 |    124 |    258 |   4032 |   6 |  871.7 |
       Dungeon |   5230 |   5106 |    124 |    258 |   4032 |   6 |  871.7 |
               +--------+--------+--------+--------+--------+-----+--------+

Top non-repeatable levels by time:
     D:4: 1448 daAuts
     D:5: 1420 daAuts
     D:3: 792 daAuts
     D:1: 756 daAuts
     D:2: 707 daAuts
     D:6: 104 daAuts
